AoeStats
← [La14]Uvita

Arabia

508493031Analyzed
1v1 RM · 10d ago on Sep 22, 2026· 50m 39s· 2 players
Game mode
Random Map
Map size
Tiny (2 player)
Population
200
Speed
Normal
Resources
Standard
Victory
Conquest
Starting age
Dark Age
Ending age
Imperial Age
RankedLock teamsTeams togetherTeam positionsShared explorationLock speedFull tech treeHidden civsTurbo modeCheats
Victory
Defeat
🇵🇹 Byzantines · Portugal
879
+18
🇦🇷 Aztecs · Argentina
923
-18
Alberto Barbosa
0:31 Loom
13:19 Feudal Age
14:21 Double-Bit Axe
15:17 Wheelbarrow
18:25 Man-at-Arms
19:26 Gold Mining
19:40 Stone Mining
21:36 Horse Collar
24:38 Castle Age
25:18 Forging
25:14 Scale Barding Armor
25:35 Long Swordsman
34:00 Chain Barding Armor
36:09 Heavy Plow
39:40 Imperial Age
38:12 Gold Shaft Mining
39:29 Iron Casting
40:31 Logistica
39:46 Light Cavalry
41:37 Hussar
47:35 Elite Cataphract
51:00 Plate Barding Armor
[La14]Uvita
7:01 Loom
10:05 Feudal Age
11:03 Double-Bit Axe
15:12 Forging
15:55 Horse Collar
17:49 Scale Mail Armor
22:37 Castle Age
22:49 Eagle Warrior
23:30 Squires
23:50 Chain Mail Armor
25:17 Wheelbarrow
27:36 Fletching
27:48 Town Watch
27:55 Crossbowman
32:10 Bodkin Arrow
34:32 Padded Archer Armor
36:17 Leather Archer Armor
37:44 Bow Saw
37:37 Heavy Plow
38:06 Stone Mining
38:13 Gold Mining
39:05 Elite Skirmisher
40:43 Ballistics
40:09 Pikeman
46:00 Imperial Age
47:47 Bracer
48:32 Plate Mail Armor
Connection lost

Rejoining the realm…

Still unreachable

The connection could not be restored.

Session expired

The server has moved on; the page needs a fresh start.